 Dungeon Crawl Stone Soup version 0.29-a0-330-g52719c12eb (webtiles) character file.

Game seed: 9280849983586499923

820 kae the Firebug (level 7, -4/45 HPs)
             Began as an Octopode Fire Elementalist on Apr 18, 2022.
             Killed from afar by an orc wizard (6 damage)
             ... with a magic dart
             ... on level 5 of the Dungeon.
             The game lasted 00:05:54 (6805 turns).

kae the Firebug (Octopode Fire Elementalist)        Turns: 6805, Time: 00:05:55

Health: -4/45      AC:  1    Str:  8    XL:     7   Next: 95%
Magic:  0/12       EV: 14    Int: 19    God:
Gold:   88         SH:  0    Dex: 12    Spells: 7/13 levels left

rFire   . . .      SeeInvis .   k - +1 whip (holy)
rCold   . . .      Faith    .   (no shield)
rNeg    . . .      Spirit   +   (helmet restricted)
rPois   +          Reflect  .   s - amulet of guardian spirit
rElec   .          Harm     .   l - ring of poison resistance
rCorr   .          Rampage  .   (no ring)
Will    .....                   (no ring)
Stlth   ++........              (no ring)
HPRegen 0.15/turn               (no ring)
MPRegen 0.13/turn               (no ring)
                                (no ring)
                                (no ring)

@: confused, hasted, very quick
A: almost no armour, amphibious, 8 rings, camouflage 1, gelatinous body 1,
(nimble swimmer 1), tentacles
a: no special abilities


You were on level 5 of the Dungeon.
You visited 1 branch of the dungeon, and saw 5 of its levels.
You also visited: Sewer.

You collected 88 gold pieces.

Inventory:

Hand Weapons
 b - a +1 dagger of venom
 k - a +1 whip of holy wrath (weapon)
Jewellery
 l - a ring of poison resistance (left tentacle)
 s - an amulet of guardian spirit (around mantle)
Wands
 h - a wand of polymorph (9)
 i - a wand of paralysis (12)
Scrolls
 c - 3 scrolls of blinking
 d - 4 scrolls of teleportation
 m - 3 scrolls of enchant armour
 r - a scroll of amnesia
Potions
 a - a potion of magic
 e - 5 potions of brilliance
 f - 2 potions of resistance
 g - 4 potions of mutation


   Skills:
 + Level 2.8 Fighting
 + Level 3.7 Dodging
 + Level 5.1 Stealth
 + Level 3.5 Spellcasting
 + Level 3.4 Conjurations
 * Level 5.4 Fire Magic


You had 7 spell levels left.
You knew the following spells:

 Your Spells              Type           Power      Damage    Failure   Level
a - Foxfire               Conj/Fire      80%        2x1d8     2%          1
b - Scorch                Fire           48%        2d7       2%          2
c - Conjure Flame         Conj/Fire      20%        6-21      7%          3

Your spell library contained the following spells:

 Spells                   Type           Power      Damage    Failure   Level
 Inner Flame              Hex/Fire       13%        N/A       14%         3
 Flame Wave               Conj/Fire      20%        2d7       24%         4


Dungeon Overview and Level Annotations

Branches:
Dungeon (5/15)              Sewer (visited)
 Temple: D:4-7

Altars:
Vehumet
Xom

Shops:
D:1 *

Annotations:
D:4 exclusion: wyvern, Dowan, Duvessa


Innate Abilities, Weirdness & Mutations

You cannot wear most types of armour.
You are amphibious.
You can wear up to eight rings at the same time.
Your skin changes colour to match your surroundings (Stealth+).
Your rubbery body absorbs attacks. (AC +1, EV +1)
((You are camouflaged when in or above water. (Stealth+)))
You have tentacles for arms and can constrict up to eight enemies at once.


Message History

The orc wizard points at you and mumbles some strange words.
The magic dart hits you! The orc completely misses you.
You feel sick.
The orc is no longer more vulnerable to fire.
The orc wizard hits you with a +0 dagger.
The orc barely misses you.
Casting: Scorch (safe; 2% risk of failure)
Confirm with . or Enter, or press ? or * to list all spells.
Flames lash the ice beast.
The ice beast melts!
The ice beast is moderately wounded.
The ice beast's fire resistance burns away.
You feel sick.
The orc wizard hits you with a +0 dagger.
The orc closely misses you.
You feel sick. The orc wizard barely misses you. The orc closely misses you.
The ice beast attacks as you move away! The ice beast closely misses you.
You feel sick.
The orc wizard is no longer more vulnerable to fire.
The orc wizard misses you.
Things that are here:
a +0 flail; a +0 leather armour; an orc corpse The orc attacks as you move away!
The orc misses you. The ice beast attacks as you move away!
The ice beast hits you.
* * * LOW HITPOINT WARNING * * *
The ice beast freezes you.
* * * LOW HITPOINT WARNING * * *
The orc wizard attacks as you move away!
The orc wizard hits you with a +0 dagger.
* * * LOW HITPOINT WARNING * * *
You feel sick.
You are no longer poisoned.
You feel yourself speed up.
The ice beast is no longer more vulnerable to fire.
The orc wizard hits you with a +0 dagger.
* * * LOW HITPOINT WARNING * * *
The orc wizard casts a spell at you.
You are confused.
The orc wizard gestures at you while chanting.
The magic dart hits you!
You die...

..# #.# ########.# ###
#........# #..
+......o.# #.#
#......o###### #.#
########.....+ . #.#
#.#####.. #^# ########
#@......# #.# #......#
#........
#.###>.....####........
#...'......'.......#...
#####......##......# ##
#......##......#
#.....รท##......#
#.....<#.......#
#......#...#####


You could see an orc wizard and an orc.

Vanquished Creatures
  Grinder (D:3)
  2 scorpions
  A hound (D:3)
  4 jellies (Sewer)
  2 orc priests (D:4)
  2 iguanas
  An orc wizard (D:4)
  Robin (D:4)
  8 adders
  A white imp (D:4)
  3 worms
  A dart slug (D:1)
  4 orcs
  11 ball pythons
  20 endoplasms
  6 giant cockroaches
  13 goblins
  9 hobgoblins
  6 jackals
  2 kobolds
  4 quokkas
  8 bats
  4 frilled lizards
  7 rats
121 creatures vanquished.

Vanquished Creatures (collateral kills)
  2 foxfires (D:1)
2 creatures vanquished.

Vanquished Creatures (others)
  385 foxfires
  2 plants (D:1)
387 creatures vanquished.

Grand Total: 510 creatures vanquished

Notes
Turn   | Place    | Note
-------+----------+-------------------------------------------
     0 | D:1      | kae the Octopode Fire Elementalist began the quest for the
                  | Orb.
     0 | D:1      | Reached XP level 1. HP: 11/11 MP: 3/3
   202 | D:1      | Reached XP level 2. HP: 3/17 MP: 1/5
   879 | D:1      | Found Taolil's Assorted Antiques.
   892 | D:1      | Reached XP level 3. HP: 21/22 MP: 2/6
   895 | D:1      | Learned a level 2 spell: Scorch
   899 | D:1      | Learned a level 3 spell: Conjure Flame
  1858 | D:2      | Reached XP level 4. HP: 27/27 MP: 4/7
  2618 | D:3      | Reached skill level 1 in Fighting
  2712 | D:3      | Found a shimmering altar of Xom.
  2870 | D:3      | Reached XP level 5. HP: 8/33 MP: 0/8
  2906 | D:3      | Found a glowing drain.
  3014 | Sewer    | Entered a sewer
  3738 | Sewer    | Reached XP level 6. HP: 39/39 MP: 6/10
  3804 | Sewer    | Found a viscous altar of Jiyva.
  4222 | D:3      | Found a radiant altar of Vehumet.
  4291 | D:4      | Noticed Robin
  4509 | D:4      | Noticed Duvessa
  4509 | D:4      | Noticed Dowan
  4710 | D:4      | Killed Robin
  4826 | D:4      | Noticed a wyvern
  5108 | D:4      | Noticed Grinder
  5146 | D:3      | Paralysed by Grinder for 6 turns
  5156 | D:3      | Killed Grinder
  5157 | D:3      | Reached XP level 7. HP: 14/45 MP: 0/11
  5430 | D:4      | Reached skill level 5 in Fire Magic
  6086 | D:4      | Reached skill level 5 in Stealth
  6506 | D:5      | Entered Level 5 of the Dungeon
  6803 | D:5      | HP: 2/45 [orc wizard/+0 dagger (3)]
  6805 | D:5      | Killed from afar by an orc wizard

Illustrated notes

Levels and vault maps discovered:
D:1:      amcnicky_arrival_gap_in_the_tavern_cellar, layout_basic,
          serial_forest, infiniplex_forest_lined_corner,
          infiniplex_forest_straight_5, infiniplex_forest_end_2,
          infiniplex_forest_clump_double, infiniplex_forest_clump_long,
          serial_shops, nicolae_shop_statue_plus
D:2:      layout_basic, roderic_roman_lattice
D:3:      layout_basic, mainiacjoe_overflow_catwalk, fiery_altar_vehumet,
          portal_sewer_entry_d, grunt_ministairs_4
D:4:      layout_loops_ring, minmay_liquid_box, uniq_duvessa, uniq_grinder,
          uniq_robin
D:5:      layout_basic, kennysheep_okawaru_gauntlet, minmay_temple_entry_arrows

Skill      XL: |  1  2  3  4  5  6  7 |
---------------+----------------------+-----
Stealth        | 3 4 5 |  5.1
Fighting       | 1 2 |  2.8
Conjurations   | 2 3 |  3.4
Fire Magic     | 4 5 |  5.4
Dodging        | 3 |  3.7
Spellcasting   | 3 |  3.5

Action                   |  1- 3 |  4- 6 |  7- 9 || total
-------------------------+-------+-------+-------++-------
Melee: Unarmed           |    15 |     3 |       ||    18
       Constrict         |     6 |     6 |       ||    12
       Tentacles         |     7 |     6 |       ||    13
       Whip              |       |    20 |     1 ||    21
 Cast: Foxfire           |    55 |   126 |    45 ||   226
       Scorch            |       |     9 |    16 ||    25
  Use: Scroll            |     3 |     7 |     4 ||    14
       Potion            |       |     3 |     1 ||     4
 Stab: Sleeping          |     1 |     3 |       ||     4
Armor: Skin              |     4 |     4 |       ||     8
Dodge: Dodged            |    24 |    29 |    28 ||    81

Table legend: (Time is in decaauts)
 A = Elapsed time spent in this place.
 B = Non-inter-level travel time spent in this place.
 C = Inter-level travel time spent in this place.
 D = Time resting spent in this place.
 E = Time spent auto-exploring this place.
 F = Levels seen in this place.
 G = Mean time per level.
                   A        B        C        D        E       F      G
               +--------+--------+--------+--------+--------+-----+--------+
         Total |   6812 |   6438 |    374 |    769 |   4477 |   6 | 1135.3 |
       Dungeon |   5846 |   5472 |    374 |    662 |   3880 |   5 | 1169.2 |
         Sewer |    966 |    966 |      0 |    107 |    597 |   1 |  966.0 |
               +--------+--------+--------+--------+--------+-----+--------+

Top non-repeatable levels by time:
     D:1: 1715 daAuts
     D:4: 1551 daAuts
     D:3: 1360 daAuts
   Sewer: 966 daAuts
     D:2: 920 daAuts
     D:5: 298 daAuts
